AoeStats
← Knuh

Arabia

509582383Analyzed
2v2 RM · 4d ago on Sep 27, 2026· 35m 10s· 4 players
Game mode
Random Map
Map size
Medium (4 player)
Population
200
Speed
Normal
Resources
Standard
Victory
Conquest
Starting age
Dark Age
Ending age
Imperial Age
RankedLock teamsTeams togetherTeam positionsShared explorationLock speedFull tech treeHidden civsTurbo modeCheats
Victory
Defeat
🇧🇪 Danes · Belgium
1089
+15
🇩🇪 Lithuanians · Germany
1073
+15
🇧🇪 Britons · Belgium
1069
-16
🇫🇷 Franks · France
1047
-14
DeLouka
9:03 Loom
11:38 Feudal Age
14:44 Double-Bit Axe
22:49 Castle Age
21:44 Scale Barding Armor
24:37 Bow Saw
25:42 Gold Mining
ElClaw
7:39 Loom
10:37 Feudal Age
20:37 Town Watch
22:40 Fletching
24:27 Padded Archer Armor
30:27 Castle Age
29:41 Gold Mining
31:03 Crossbowman
33:25 Bodkin Arrow
Knuh
6:27 Loom
9:15 Feudal Age
9:18 Man-at-Arms
11:16 Arson
18:55 Double-Bit Axe
21:35 Town Watch
24:52 Castle Age
23:29 Wheelbarrow
22:57 Scale Mail Armor
22:58 Padded Archer Armor
22:54 Horse Collar
24:00 Fletching
25:04 Pikeman
25:06 Long Swordsman
25:32 Gambesons
27:38 Chain Mail Armor
27:34 Forging
29:49 Gold Mining
31:59 Squires
33:38 Iron Casting
34:50 Leather Archer Armor
34:53 Heavy Plow
Wichtel
6:05 Loom
8:49 Feudal Age
9:41 Double-Bit Axe
16:39 Horse Collar
18:24 Fletching
23:00 Castle Age
23:26 Scale Barding Armor
23:32 Forging
23:57 Bow Saw
24:12 Bloodlines
27:04 Wheelbarrow
30:01 Gold Mining
30:09 Town Watch
30:40 Hand Cart
32:25 Iron Casting
34:18 Chain Barding Armor
Connection lost

Rejoining the realm…

Still unreachable

The connection could not be restored.

Session expired

The server has moved on; the page needs a fresh start.